 Dungeon Crawl Stone Soup version 0.14-a0-1444-g21dc12d (webtiles) character file.

290 PolkaDot the Sneak (level 5, -9/40 HPs)
             Began as a Vampire Assassin on Dec 13, 2013.
             Mangled by Prince Ribbit (20 damage)
             ... on Level 4 of the Dungeon.
             The game lasted 00:07:45 (2264 turns).

PolkaDot the Sneak (Vampire Assassin)               Turns: 2264, Time: 00:07:45

HP  -9/40        AC  0     Str  5      XL: 5   Next: 36%
MP   3/5         EV 19     Int 13      God:
Gold 106         SH  0     Dex 21      Spells:  0 memorised,  4 levels left

rFire  . . .     SeeInvis +     a - melded +0 dagger (drain)
rCold  + . .     Clarity  .     c - melded +0 robe
rNeg   + + .     Conserve .     u - melded +0 buckler (curse)
rPois  +         rCorr    .     (helmet currently unavailable)
rElec  .         rRot     +     d - melded +0 cloak
SustAb . .       Spirit   .     (gloves currently unavailable)
rMut   .         Warding  .     q - melded +0 pair of boots
Saprov . . .     Stasis   .     (no amulet)
                                (ring currently unavailable)
                                (ring currently unavailable)

@: bat-form, regenerating slowly, flying, very slightly contaminated, hasted,
very quick, slightly resistant to hostile enchantments, very stealthy
A: (fangs 0), see invisible, (unbreathing)
a: End Transformation


You were on level 4 of the Dungeon.
You were thirsty.
You were in vampire bat-form.
You visited 1 branch of the dungeon, and saw 4 of its levels.

You collected 106 gold pieces.

Inventory:

Hand weapons
 a - a +0,+0 dagger of draining (melded)
 b - a +0 blowgun
 t - a +2,+1 elven anti-magic short sword
Missiles
 e - 16 poisoned needles
 f - 2 curare-tipped needles
Armour
 c - a +0 robe (melded)
 d - a +0 cloak (melded)
 q - a +0 pair of boots (melded)
 s - a +0 pair of gloves
 u - a cursed +0 buckler (melded)
Scrolls
 h - a scroll of amnesia {unknown}
 k - a scroll of teleportation {unknown}
 m - 2 scrolls of identify {unknown}
 n - 2 scrolls of enchant armour {unknown}
 r - 2 scrolls of remove curse {unknown}
 v - a scroll of blinking {unknown}
 w - a scroll of curse armour {unknown}
Potions
 g - a potion of coagulated blood
 i - a potion of speed
 l - a potion of paralysis {unknown}
 o - a potion of heal wounds {unknown}
 p - a potion of magic


   Skills:
 + Level 2.9 Fighting
 * Level 4.5 Short Blades
 - Level 1.5 Throwing
 - Level 1.1 Dodging
 + Level 7.3 Stealth


You had 4 spell levels left.
You didn't know any spells.

Dungeon Overview and Level Annotations

Branches:
Dungeon (4/16)
 Temple: D:4-7

Altars:
Trog

Annotations:
D:4 Prince Ribbit, Sigmund


Innate Abilities, Weirdness & Mutations

You heal slowly.
((You have razor-sharp teeth.))*
You have supernaturally acute eyesight.
((You can survive without breathing.))*


Message History

Drink which item? (? for menu, Esc to quit)
You feel better.
Prince Ribbit blinks!
Drink which item? (? for menu, Esc to quit)
Magic courses through your body.
It was a potion of magic.
Prince Ribbit hits you!
* * * LOW HITPOINT WARNING * * *
Drink which item? (? for menu, Esc to quit)
Okay, then.
There is a stone staircase leading up here.
Use which ability? (? or * to list)
You turn into a vampire bat.
Your +0,+0 dagger of draining melds into your body.
Your +0 cloak melds into your body.
Your +0 pair of boots melds into your body.
Your cursed +0 buckler melds into your body.
Your +0 robe melds into your body.
Prince Ribbit asks, "Just a little smooch?"
Prince Ribbit hits you!
Ouch! That really hurt!
You die...

#### ...##
...# #..
##.##
##.###...####
#.....<#b...#
#..###.F.##.#
# ##.## # ..#
####


You could see Prince Ribbit.

Vanquished Creatures
  2 eyes of draining (D:3)
  An orc wizard (D:4)
  A giant mite (D:3)
  3 adders (D:3)
  An inept item mimic (D:2)
  A giant gecko (D:3)
  3 orcs (D:3)
  9 goblins
  5 bats
  3 giant cockroaches
  A hobgoblin (D:3)
  2 jackals (D:3)
  6 kobolds
  6 rats
44 creatures vanquished.

Notes
Turn   | Place    | Note
--------------------------------------------------------------
     0 | D:1      | PolkaDot, the Vampire Assassin, began the quest for the Orb.
     0 | D:1      | Reached XP level 1. HP: 16/16 MP: 1/1
    82 | D:1      | Reached skill level 6 in Stealth
   366 | D:1      | Reached XP level 2. HP: 22/22 MP: 2/2
  1359 | D:3      | Reached XP level 3. HP: 20/27 MP: 3/3
  1742 | D:3      | Found a bloodstained altar of Trog.
  1742 | D:3      | Noticed an eye of draining
  1742 | D:3      | Noticed an eye of draining
  1784 | D:3      | Killed an eye of draining
  1784 | D:3      | Reached XP level 4. HP: 34/34 MP: 0/4
  1799 | D:3      | Killed an eye of draining
  1799 | D:3      | Reached skill level 7 in Stealth
  1799 | D:3      | Reached XP level 5. HP: 40/40 MP: 0/5
  2151 | D:4      | Noticed Sigmund
  2241 | D:4      | Noticed Prince Ribbit
  2264 | D:4      | Mangled by Prince Ribbit

Action                   |  1- 3 |  4- 6 || total
-------------------------+-------+-------++-------
Melee: Dagger            |    91 |    30 ||   121
       Short sword       |    17 |    15 ||    32
 Abil: Bat Form          |       |     1 ||     1
  Use: Potion            |       |     6 ||     6
 Stab: Sleeping          |    10 |     2 ||    12
